 Dungeon Crawl Stone Soup version 0.20.1-1-g8b1a95d (webtiles) character file.

1936 dohliylev the Slicer (level 8, 0/52 HPs)
             Began as a Vampire Enchanter on Dec 17, 2017.
             Was a Believer of Makhleb.
             Killed from afar by an orc wizard (2 damage)
             ... with a magic dart
             ... on level 7 of the Dungeon.
             The game lasted 00:30:52 (7578 turns).

dohliylev the Slicer (Vampire Enchanter)            Turns: 7578, Time: 00:30:53

Health: 0/52       AC:  5    Str:  7    XL:     8   Next: 97%
Magic:  8/11       EV: 16    Int: 20    God:    Makhleb [**....]
Gold:   66         SH:  3    Dex: 14    Spells: 6/11 levels left

rFire    . . .     SeeInvis +   y - +4 short sword
rCold    . . .     Gourm    .   C - +0 buckler
rNeg     + . .     Faith    .   b - +0 robe
rPois    .         Spirit   .   A - +0 helmet
rElec    .         Reflect  .   l - +0 cloak
rCorr    .         Harm     .   i - +0 pair of gloves
MR       .....                  (no boots)
Stlth    +++++.....             (no amulet)
Regen    0.2/turn               B - ring of stealth
MPRegen  0.2/turn               (no ring)

@: very slightly contaminated
A: fangs 3, see invisible, unbreathing
a: Bat Form, Minor Destruction, Renounce Religion


You were on level 7 of the Dungeon.
You worshipped Makhleb.
Makhleb was pleased with you.
You were not thirsty.

You visited 1 branch of the dungeon, and saw 7 of its levels.

You collected 276 gold pieces.
You spent 210 gold pieces at shops.

Inventory:

Hand Weapons
 y - a +4 short sword (weapon)
Armour
 b - a +0 robe (worn)
 i - a +0 pair of gloves (worn)
 l - a +0 cloak (worn)
 A - a +0 helmet (worn)
 C - a +0 buckler (worn)
Jewellery
 B - a ring of stealth (left hand)
Wands
 z - a wand of flame (20/48)
Scrolls
 a - a scroll of identify
 e - 4 scrolls of remove curse
 f - 6 scrolls of teleportation
 h - a scroll of fear {unknown}
 j - 3 scrolls of magic mapping
 k - a scroll of enchant armour
 o - 2 scrolls of fog {unknown}
 u - 2 scrolls of amnesia
 w - a scroll of noise {unknown}
Potions
 d - a potion of blood
 g - a potion of resistance
 m - a potion of ambrosia
 n - a potion of haste {unknown}
 p - a potion of degeneration {unknown}
 q - 2 potions of heal wounds {unknown}
 s - a potion of magic {unknown}
 t - a potion of cancellation {unknown}
 v - 3 potions of curing {unknown}
 x - a potion of experience {unknown}
Books
 c - a book of Maledictions

   Spells                             Type                      Level
   a - Corona                         Hexes                        1
   b - Ensorcelled Hibernation        Hexes/Ice                    2
   c - Confuse                        Hexes                        3
   d - Tukima's Dance                 Hexes                        3
   e - Dazzling Spray                 Conjuration/Hexes            3


   Skills:
 - Level 9.0 Short Blades
 + Level 7.8 Dodging
 - Level 8.6 Stealth
 - Level 2.0 Spellcasting
 - Level 4.4 Hexes


You had 6 spell levels left.
You knew the following spells:

 Your Spells              Type           Power        Failure   Level  Hunger
a - Confuse               Hex            ###.....     13%         3    ###....
b - Ensorcelled Hibernat  Hex/Ice        ##....       16%         2    ##.....


Dungeon Overview and Level Annotations

Branches:
Dungeon (7/15)             Temple (0/1) D:7

Altars:
Ashenzari
Dithmenos
Kikubaaqudgha
Makhleb
Vehumet
Xom

Shops:
D:5 ![=


Innate Abilities, Weirdness & Mutations

You have razor-sharp teeth.
You have supernaturally acute eyesight. (SInv)
You can survive without breathing.


Message History

You miscast Ensorcelled Hibernation.
You are very lightly contaminated with residual magic.
You shiver with cold.
The orc warrior hits you with a hand axe!!
* * * LOW HITPOINT WARNING * * *
You see here a flail.
Casting: Ensorcelled Hibernation
Confirm with . or Enter, or press ? or * to list all spells.
Aiming: Ensorcelled Hibernation
Press: ? - help, Shift-Dir - straight line, f/p - orc warrior
Aim: an orc warrior, wielding a hand axe and wearing a plate armour (heavily wounded, chance to defeat MR: 41%)
The orc warrior resists with some effort.
The orc warrior hits you with a hand axe!
* * * LOW HITPOINT WARNING * * *
The orc wizard miscasts a cantrip.
The orc wizard casts a spell.
The orc wizard seems to speed up.
The orc wizard gestures at you while chanting.
The magic dart hits you!
You die...

#o# #.# #.# #.#
#.# #.# #.#
##.########.# #o#
##...#.......#
#o#
#......#######
#.# ##...#.#
#.##########.##.#
#..).o.o.o<####.#
##########o.@...#
########


You could see an orc warrior, 2 orc wizards and an orc.

Vanquished Creatures
  Pikel (D:4)
  Menkaure (D:5)
  Duvessa (D:4)
  An orc warrior (D:7)
  2 slaves (D:3)
  2 centaurs
  A big kobold (D:6)
  A bullfrog (D:6)
  Dowan (D:4)
  7 crimson imps
  3 hounds
  An iron imp (D:5)
  An orc priest (D:5)
  An iguana (D:4)
  5 orc wizards
  4 worker ants
  7 adders
  3 oozes
  3 adder skeletons (D:5)
  4 worms
  A dart slug (D:1)
  5 leopard geckos
  18 orcs
  17 giant cockroaches
  3 goblins (D:2)
  5 hobgoblins
  2 jackals (D:4)
  A quokka (D:3)
  2 ball pythons
  2 bats (D:1)
  4 frilled lizards
  13 kobolds
  A quokka skeleton (D:6)
  6 rats
  2 plants (D:1)
132 creatures vanquished.

Vanquished Creatures (others)
  A slave (D:4)
  A hound skeleton (D:4)
2 creatures vanquished.

Grand Total: 134 creatures vanquished

Notes
Turn   | Place    | Note
-------+----------+-------------------------------------------
     0 | D:1      | dohliylev the Vampire Enchanter began the quest for the Orb.
     0 | D:1      | Reached XP level 1. HP: 13/13 MP: 3/3
   447 | D:1      | Reached skill level 5 in Stealth
   611 | D:1      | Reached XP level 2. HP: 19/19 MP: 5/5
   621 | D:1      | Learned a level 2 spell: Ensorcelled Hibernation
  1125 | D:2      | Found a burning altar of Makhleb.
  1130 | D:2      | Became a worshipper of Makhleb the Destroyer
  1249 | D:2      | Reached XP level 3. HP: 24/24 MP: 6/6
  2030 | D:2      | Reached * piety under Makhleb
  2276 | D:3      | Reached XP level 4. HP: 20/30 MP: 1/7
  2451 | D:3      | Found a shimmering altar of Xom.
  2680 | D:3      | Reached skill level 2 in Short Blades
  2680 | D:3      | Reached XP level 5. HP: 28/35 MP: 1/8
  2823 | D:3      | Reached skill level 3 in Short Blades
  3090 | D:3      | Reached skill level 4 in Short Blades
  3245 | D:3      | Reached XP level 6. HP: 32/41 MP: 2/9
  3422 | D:4      | Found a shattered altar of Ashenzari.
  3466 | D:4      | Noticed a slave
  3579 | D:3      | Killed a slave
  3752 | D:4      | Noticed Pikel
  3752 | D:4      | Noticed a slave
  3753 | D:4      | Noticed a slave
  3770 | D:3      | Killed a slave
  4007 | D:4      | Noticed a slave
  4011 | D:4      | Killed Pikel
  4011 | D:4      | Reached skill level 7 in Short Blades
  4011 | D:4      | Reached XP level 7. HP: 23/46 MP: 3/10
  4291 | D:4      | Found a shadowy altar of Dithmenos.
  4301 | D:4      | Noticed Dowan
  4302 | D:4      | Noticed Duvessa
  4347 | D:4      | Killed Duvessa
  4347 | D:4      | Reached skill level 8 in Short Blades
  4680 | D:4      | Found a radiant altar of Vehumet.
  4743 | D:4      | Reached XP level 8. HP: 52/52 MP: 11/11
  4829 | D:4      | Killed Dowan
  4829 | D:4      | Reached skill level 9 in Short Blades
  4888 | D:5      | Entered Level 5 of the Dungeon
  4944 | D:5      | Reached ** piety under Makhleb
  5146 | D:5      | Found Teumiesm's Distillery.
  5151 | D:5      | Learned a level 3 spell: Confuse
  5315 | D:5      | Found Herghim's Armour Shop.
  5845 | D:5      | Reached skill level 5 in Dodging
  5905 | D:5      | Found an ancient bone altar of Kikubaaqudgha.
  6095 | D:5      | Noticed Menkaure
  6098 | D:5      | Killed Menkaure
  6122 | D:5      | Found Hakhad's Jewellery Shoppe.
  6125 | D:5      | Bought an uncursed ring of stealth for 210 gold pieces
  7458 | D:7      | Found a staircase to the Ecumenical Temple.
  7571 | D:7      | HP: 1/52 [orc warrior/hand axe (14)]
  7578 | D:7      | Killed from afar by an orc wizard

Skill      XL: |  1  2  3  4  5  6  7  8 |
---------------+-------------------------+-----
Stealth        | 5 6 7 8 |  8.6
Short Blades   | 2 4 7 8 9 |  9.0
Dodging        | 7 |  7.8
Spellcasting   | |  2.0
Hexes          | |  4.4

Action                   |  1- 3 |  4- 6 |  7- 9 || total
-------------------------+-------+-------+-------++-------
Melee: Dagger            |   269 |   171 |   156 ||   596
       Bite              |    27 |    17 |     9 ||    53
       Short sword       |       |       |    10 ||    10
 Cast: Corona            |     4 |       |       ||     4
       Ensorcelled Hiber |    25 |    55 |    56 ||   136
       Confuse           |       |       |     4 ||     4
 Abil: End Transformatio |       |       |     1 ||     1
       Bat Form          |       |       |     1 ||     1
  Use: Scroll            |     4 |       |     6 ||    10
       Potion            |     9 |       |     2 ||    11
 Stab: Sleeping          |    28 |    20 |    37 ||    85
       Confused          |       |       |     1 ||     1
       Petrifying        |       |       |     1 ||     1
  Eat: Corpse            |     7 |     5 |     9 ||    21
Armor: Robe              |    32 |    48 |    12 ||    92
Dodge: Dodged            |    95 |   103 |    56 ||   254
Block: Buckler           |       |       |     3 ||     3
